 Dungeon Sprint DCSS version 0.29-a0-352-g0917bc69df (webtiles) character file.

Game seed: 1806642826505920365

284 mhtbhm the Spear-Bearer (level 6, -4/66 HPs)
             Began as a Minotaur Berserker on Apr 24, 2022.
             Was an Elder of Trog.
             Slain by a two-headed ogre
             ... wielding a +0 giant club
              (16 damage)
             ... in the Dungeon (Sprint IX: "|||||||||||||||||||||||||||||").
             The game lasted 00:01:01 (192 turns).

mhtbhm the Spear-Bearer (Minotaur Berserker)         Turns: 192, Time: 00:01:02

Health: -4/66      AC: 10    Str: 24    XL:     6   Next: 7%
Magic:  5/5        EV: 14    Int:  4    God:    Trog [****..]
Gold:   0          SH:  0    Dex:  9    Spells: 5/5 levels left

rFire   . . .      SeeInvis .   a - +2 halberd (venom)
rCold   . . .      Faith    .   (shield currently unavailable)
rNeg    . . .      Spirit   .   b - +2 ring mail
rPois   .          Reflect  .   (helmet restricted)
rElec   .          Harm     .   (no cloak)
rCorr   .          Rampage  .   (no gloves)
Will    .....      NoTele   +   (no boots)
Stlth   ..........              (no amulet)
HPRegen 0.21/turn               l - +2 ring of evasion
MPRegen 0.09/turn               k - +2 ring of protection

@: on berserk cooldown, hasted and slowed
A: horns 2, retaliatory headbutt
a: Renounce Religion, Berserk, Trog's Hand, Brothers in Arms


You were in the Dungeon.
You worshipped Trog.
Trog was greatly pleased with you.
You visited 1 branch

Inventory:

Hand Weapons
 a - a +2 halberd of venom (weapon)
Armour
 b - a +2 ring mail (worn)
Jewellery
 k - a +2 ring of protection (right hand)
 l - a +2 ring of evasion (left hand)
Wands
 j - a wand of iceblast (7)
Scrolls
 h - a scroll of blinking
Potions
 c - 4 potions of curing
 f - 4 potions of magic
 g - a potion of berserk rage
 i - a potion of invisibility


   Skills:
 + Level 9.7 Fighting
 + Level 10.0 Polearms
 + Level 6.1 Armour
 + Level 5.4 Dodging
 + Level 0.5 Evocations


You had 5 spell levels left.
You didn't know any spells.
Your spell library was empty.

Dungeon Overview and Level Annotations

Branches:
Dungeon (1/1)

Altars:
Cheibriados
Dithmenos
Elyvilon
Fedhas
Gozag
Hepliaklqana
Kikubaaqudgha
Makhleb
Nemelex Xobeh
Okawaru
Qazlal
Ru
Sif Muna
Trog
Uskayaw
Vehumet
Wu Jian
Xom
Yredelemnul
Zin
The Shining One
Beogh
Jiyva
Lugonu


Innate Abilities, Weirdness & Mutations

You have a pair of horns on your head.
You reflexively headbutt those who attack you in melee.


Message History

The mass of ice explodes!
The iceblast engulfs something!
The iceblast engulfs the two-headed ogre!
The two-headed ogre is moderately wounded.
Unknown command.
Unknown command.
Unknown command.
Unknown command.
Aiming: Iceblast
Press: ? - help, Shift-Dir - straight line, f/p - two-headed ogre
Aim: a two-headed ogre, wielding two +0 giant clubs (moderately wounded)
The mass of ice explodes!
The iceblast engulfs something.
The iceblast engulfs the two-headed ogre!
The two-headed ogre is heavily wounded.
Unknown command.
Unknown command.
Unknown command.
Unknown command.
Unknown command.
Okay, then.
You puncture something! You headbutt something! Trog accepts your kill.
You can now call in reinforcements.
Trog appreciates your killing of a magic user.
Reactivating autopickup.
You feel a bit more experienced.
Your Fighting skill increases to level 9!
Your Polearms skill gained 2 levels and is now at level 10!
Your Armour skill gained 2 levels and is now at level 6!
Your Dodging skill increases to level 5!
You have reached level 5!
You have reached level 6!
You barely miss the two-headed ogre.
You headbutt the two-headed ogre, but do no damage.
The two-headed ogre is heavily wounded.
The two-headed ogre closely misses you.
The two-headed ogre hits you with a +0 giant club.
* * * LOW HITPOINT WARNING * * *
Unknown command.
You feel yourself speed up.
The two-headed ogre hits you with a +0 giant club!
You die...

▓.▓
▓'▓
▓W▓
▓.▓
▓l▓
▓o▓
▓o▓
▓O▓
▓@▓
▓?▓
▓.▓
▓'▓
▓_▓
▓_▓
▓_▓
▓_▓
▓_▓


You could see a two-headed ogre, a komodo dragon, a wraith, an orc warrior and
an orc priest.

Vanquished Creatures
  A vampire (D)
  An ogre (D)
  A hound (D)
  An adder (D)
  An orc (D)
  2 endoplasms (D)
  A giant cockroach (D)
  A jackal (D)
  A quokka (D)
  A rat (D)
11 creatures vanquished.

Notes
Turn   | Place    | Note
-------+----------+-------------------------------------------
     0 | D        | mhtbhm the Minotaur Berserker began the quest for the Orb.
     0 | D        | Reached XP level 1. HP: 19/19 MP: 0/0
     6 | D        | Reached skill level 4 in Polearms
    10 | D        | Reached ** piety under Trog
    86 | D        | Noticed a hound
    86 | D        | Noticed an ogre
    92 | D        | Killed an ogre
    92 | D        | Reached *** piety under Trog
    93 | D        | Reached skill level 7 in Polearms
    93 | D        | Reached XP level 2. HP: 34/34 MP: 1/1
    93 | D        | Reached XP level 3. HP: 39/39 MP: 2/2
    93 | D        | Reached XP level 4. HP: 47/47 MP: 3/3
    97 | D        | Reached skill level 8 in Polearms
   104 | D        | Found a snail-covered altar of Cheibriados.
   104 | D        | Found a shadowy altar of Dithmenos.
   104 | D        | Found a white marble altar of Elyvilon.
   104 | D        | Found a blossoming altar of Fedhas.
   104 | D        | Found an opulent altar of Gozag.
   105 | D        | Found a hazy altar of Hepliaklqana.
   106 | D        | Found a viscous altar of Jiyva.
   107 | D        | Found an ancient bone altar of Kikubaaqudgha.
   108 | D        | Found a corrupted altar of Lugonu.
   109 | D        | Found a burning altar of Makhleb.
   110 | D        | Found a sparkling altar of Nemelex Xobeh.
   111 | D        | Found an iron altar of Okawaru.
   112 | D        | Found a stormy altar of Qazlal.
   113 | D        | Found a sacrificial altar of Ru.
   114 | D        | Found a shimmering blue altar of Sif Muna.
   115 | D        | Found a bloodstained altar of Trog.
   116 | D        | Found a hide-covered altar of Uskayaw.
   117 | D        | Found a radiant altar of Vehumet.
   118 | D        | Found an ornate altar of the Wu Jian Council.
   119 | D        | Found a shimmering altar of Xom.
   120 | D        | Found a basalt altar of Yredelemnul.
   121 | D        | Found a glowing silver altar of Zin.
   122 | D        | Found a glowing golden altar of the Shining One.
   166 | D        | Noticed a wraith
   166 | D        | Noticed a komodo dragon
   166 | D        | Noticed a two-headed ogre
   166 | D        | Noticed an orc warrior
   166 | D        | Noticed a vampire
   182 | D        | HP: 1/48 [something (3)]
   190 | D        | Killed a vampire
   190 | D        | Reached **** piety under Trog
   191 | D        | Reached skill level 10 in Polearms
   191 | D        | Reached skill level 5 in Dodging
   191 | D        | Reached XP level 5. HP: 12/58 MP: 4/4
   191 | D        | Reached XP level 6. HP: 14/66 MP: 5/5
   192 | D        | Slain by a two-headed ogre

Illustrated notes

Levels and vault maps discovered:
D:        linesprint [early_d, line_temple, items_1, d_10, items_2, lair_1,
          lair_end, items_3, orc_1, orc_end, items_4, d_15, swamp_1, shoals_1,
          snake_1, spider_1, d_20, vaults_1, items_5, swamp_end, shoals_end,
          snake_end, spider_end, vaults_end, d_27, items_6, zot_1, zot_end,
          crypt_end, forest_end, elf_end, slime_end, tomb_end, abyss_end,
          pan_hell_end]

Skill      XL: |  1  2  3  4 |
---------------+-------------+-----
Fighting       | 7 9 |  9.7
Polearms       | 7 10 | 10.0
Armour         | 3 6 |  6.1
Dodging        | 3 5 |  5.4
Evocations     | |  0.5

Action                   |  1- 3 |  4- 6 || total
-------------------------+-------+-------++-------
Melee: Spear             |    15 |     5 ||    20
       Headbutt          |     4 |     3 ||     7
       Halberd           |       |    13 ||    13
Invok: Berserk           |     1 |     1 ||     2
Evoke: Wand              |       |     3 ||     3
  Use: Potion            |       |     5 ||     5
       Scroll            |       |     1 ||     1
Armor: Animal skin       |     1 |       ||     1
       Ring mail         |       |     7 ||     7
Dodge: Dodged            |     6 |     7 ||    13

Table legend: (Time is in decaauts)
 A = Elapsed time spent in this place.
 B = Non-inter-level travel time spent in this place.
 C = Inter-level travel time spent in this place.
 D = Time resting spent in this place.
 E = Time spent auto-exploring this place.
 F = Levels seen in this place.
 G = Mean time per level.
                   A        B        C        D        E       F      G
               +--------+--------+--------+--------+--------+-----+--------+
         Total |    204 |    204 |      0 |     66 |      3 |   1 |  204.0 |
       Dungeon |    204 |    204 |      0 |     66 |      3 |   1 |  204.0 |
               +--------+--------+--------+--------+--------+-----+--------+

Top non-repeatable levels by time:
       D: 204 daAuts
